 Dungeon Crawl Stone Soup version 0.28.0-53-g5a82cb258f (webtiles) character file.

Game seed: 14443247316489627462

23 MiltankisOP the Insei (level 3, -3/23 HPs)
             Began as an Octopode Transmuter on July 12, 2022.
             Slain by an iguana (4 damage)
             ... on level 2 of the Dungeon.
             The game lasted 00:01:07 (1264 turns).

MiltankisOP the Insei (Octopode Transmuter)         Turns: 1264, Time: 00:01:08

Health: -3/23      AC:  1    Str:  9    XL:     3   Next: 0%
Magic:  5/6        EV: 13    Int: 15    God:
Gold:   54         SH:  0    Dex: 14    Spells: 5/6 levels left

rFire   . . .      SeeInvis .     - Unarmed
rCold   . . .      Faith    .   (no shield)
rNeg    . . .      Spirit   .   (helmet currently unavailable)
rPois   .          Reflect  .   (no amulet)
rElec   .          Harm     .   (no ring)
rCorr   .          Rampage  .   (no ring)
Will    .....                   (no ring)
Stlth   ++........              (no ring)
HPRegen 0.07/turn               (no ring)
MPRegen 0.10/turn               (no ring)
                                (no ring)
                                (no ring)

@: appendages (expiring)
A: tentacle spike 3, almost no armour, amphibious, 8 rings, camouflage 1,
gelatinous body 1, (nimble swimmer 1), tentacles
a: End Transformation


You were on level 2 of the Dungeon.
One of your tentacles had grown a beastly spike.
You visited 1 branch of the dungeon, and saw 2 of its levels.

You collected 54 gold pieces.

Inventory:

Scrolls
 a - a scroll of noise {unknown}
 c - 3 scrolls of identify {unknown}
Potions
 b - 2 potions of resistance {unknown}


   Skills:
 - Level 1.0 Fighting
 - Level 2.0 Dodging
 - Level 3.0 Unarmed Combat
 - Level 2.0 Spellcasting
 + Level 2.7 Transmutations
 + Level 2.0 Poison Magic


You had 5 spell levels left.
You knew the following spells:

 Your Spells              Type           Power      Damage    Failure   Level
a - Beastly Appendage     Tmut           18%        N/A       7%          1

Your spell library contained the following spells:

 Spells                   Type           Power      Damage    Failure   Level
 Wereblood                Tmut           9%         N/A       11%         2
 Spider Form              Tmut/Pois      8%         N/A       26%         3
 Ice Form                 Ice/Tmut       5%         N/A       77%         4


Dungeon Overview and Level Annotations

Branches:
Dungeon (2/15)

Altars:


Innate Abilities, Weirdness & Mutations

One of your tentacles has grown a beastly spike.
You cannot wear most types of armour.
You are amphibious.
You can wear up to eight rings at the same time.
Your skin changes colour to match your surroundings (Stealth+).
Your rubbery body absorbs attacks. (AC +1, EV +1)
((You are camouflaged when in or above water. (Stealth+)))
You have tentacles for arms and can constrict up to eight enemies at once.


Message History

There is an open door here.
Done exploring.
Done exploring.
Done exploring.
(D) Dungeon
Where to? (? - help)
What level of the Dungeon? (default 1, ? - help)
There is a stone staircase leading down here.
You climb downwards.
There is a stone staircase leading up here.
An iguana comes into view.
An iguana is nearby!
Casting: Beastly Appendage (safe; 7% risk of failure)
Confirm with . or Enter, or press ? or * to list all spells.
One of your tentacles grows a vicious spike.
The helpless iguana fails to defend itself.
You tentacle-slap the iguana but do no damage.
Your grab misses the iguana.
You tentacle-slap the iguana, but do no damage.
You tentacle-slap the iguana but do no damage.
You grab the iguana.
Your transformation is almost over.
You constrict the iguana. The iguana bites you!
Ouch! That really hurt!
You are too injured to fight recklessly!
You tentacle-slap the iguana but do no damage.
You pierce the iguana, but do no damage.
The iguana is lightly wounded.
You constrict the iguana. The iguana closely misses you.
You tentacle-slap the iguana.
You pierce the iguana.
You squeeze the iguana.
The iguana is heavily wounded.
You constrict the iguana. The iguana bites you!
* * * LOW HITPOINT WARNING * * *
You tentacle-slap the iguana but do no damage.
You pierce the iguana.
The iguana is severely wounded.
You constrict the iguana.
The iguana hisses menacingly.
The iguana bites you.
You die...

#############
#...........#
#.#.#.#####.#
#l@###.##
###.## ##.##
..# ##.#
###.# ##.##
#.###.##
#.#.## #.##
#.## #.<#


You could see an iguana.

Vanquished Creatures
  3 endoplasms (D:1)
  2 giant cockroaches (D:1)
  A goblin (D:1)
  2 hobgoblins (D:1)
  A quokka (D:1)
  3 ball pythons (D:1)
  2 bats (D:1)
  3 frilled lizards (D:1)
  4 kobolds (D:1)
  2 rats (D:1)
23 creatures vanquished.

Notes
Turn   | Place    | Note
-------+----------+-------------------------------------------
     0 | D:1      | MiltankisOP the Octopode Transmuter began the quest for the
                  | Orb.
     0 | D:1      | Reached XP level 1. HP: 13/13 MP: 3/3
    40 | D:1      | Reached skill level 1 in Poison Magic
   257 | D:1      | Reached XP level 2. HP: 14/18 MP: 3/5
   912 | D:1      | Reached XP level 3. HP: 22/23 MP: 4/6
  1263 | D:2      | HP: 1/23 [iguana (10)]
  1264 | D:2      | Slain by an iguana

Illustrated notes

Levels and vault maps discovered:
D:1:      doesnt_arrival_eight_statues, layout_loops_ring, minmay_hedge_maze,
          chequers_serial_rivers_micro_a
D:2:      layout_loops_ring, shapermc_ecumenical_altar_mp_vishouse,
          hangedman_abyss_or_decor_lesser_grid, minmay_split_cup_small,
          uniq_sigmund

Skill      XL: |  1  2 |
---------------+-------+-----
Poison Magic   | 1 2 |  2.0
Fighting       | |  1.0
Dodging        | |  2.0
Unarmed Combat | |  3.0
Spellcasting   | |  2.0
Transmutations | |  2.7

Action                   || total
-------------------------++-------
Melee: Unarmed           ||    44
       Tentacles         ||     8
       Kick              ||    14
       Constrict         ||    12
       Punch             ||     5
 Cast: Beastly Appendage ||    14
 Stab: Sleeping          ||     7
Dodge: Dodged            ||    19
